| TOP OF THE 1ST |
|
Atlanta Braves batting - Pitching for New York Mets : RHP Pete Redfern
|
|
Pitching: RHP Pete Redfern
|
|
|
Batting: SHB Tony Fernandez
|
0-0: Bunted foul 0-1: Fly out, F9 (Line Drive, 9, EV 94.4 MPH)
|
|
Batting: LHB Mike Hargrove
|
0-0: Ball 1-0: Called Strike 1-1: Ball 2-1: Swinging Strike 2-2: Strikes out looking
|
|
Batting: LHB Leon Durham
|
0-0: Ground out 6-3 (Groundball, 6, EV 102.5 MPH)
|
| Top of the 1st over - 0 runs, 0 hits, 0 errors, 0 left on base; Atlanta 0 - New York 0 |
| BOTTOM OF THE 1ST |
|
New York Mets batting - Pitching for Atlanta Braves : RHP Alan Knicely
|
|
Pitching: RHP Alan Knicely
|
|
|
Batting: LHB Lyman Bostock
|
0-0: Called Strike 0-1: SINGLE (Groundball, 13, EV 75.6 MPH) (infield hit)
|
|
Batting: RHB Ray Knight
|
0-0: Grounds into double play, 6-4-3 (Groundball, 6, EV 83.1 MPH)
|
|
Batting: LHB John Kruk
|
0-0: Called Strike 0-1: Ball 1-1: Swinging Strike 1-2: Ball 2-2: Foul Ball, location: 2F 2-2: Ball 3-2: Base on Balls
|
|
Batting: RHB Garry Maddox
|
0-0: Called Strike John Kruk steals 2nd base 0-1: Ball 1-1: SINGLE (Groundball, 56S, EV 69.4 MPH) (infield hit) John Kruk to third
|
|
Batting: SHB Ken Singleton
|
0-0: Ball 1-0: Foul Ball, location: 2F 1-1: Swinging Strike 1-2: SINGLE (Flyball, 5D, EV 87.5 MPH) John Kruk scores Garry Maddox to second
|
|
Batting: RHB Rick Burleson
|
0-0: Ball 1-0: Ball 2-0: Called Strike 2-1: Ball 3-1: Fielders Choice at 2nd, 6-4 (Groundball, 6, EV 90.6 MPH)
|
| Bottom of the 1st over - 1 run, 3 hits, 0 errors, 2 left on base; Atlanta 0 - New York 1 |
| TOP OF THE 2ND |
|
Atlanta Braves batting - Pitching for New York Mets : RHP Pete Redfern
|
|
Batting: LHB Bobby Murcer
|
0-0: Ball 1-0: Ball 2-0: Foul Ball, location: 2F 2-1: Called Strike 2-2: TRIPLE (Line Drive, 8LXD, EV 102.5 MPH)
|
|
Batting: LHB Mike Scioscia
|
0-0: Ball 1-0: Fly out, F9 (Flyball, 9, EV 90.6 MPH) Runner from 3rd tags up, OUT at HOME! 9-2
|
|
Batting: RHB Craig Kusick
|
0-0: Ball 1-0: Ball 2-0: Called Strike 2-1: Foul Ball, location: 2F 2-2: Foul Ball, location: 2F 2-2: Foul Ball, location: 2F 2-2: Foul Ball, location: 2F 2-2: Foul Ball, location: 2F 2-2: Ground out 5-3 (Groundball, 5L, EV 87.5 MPH)
|
| Top of the 2nd over - 0 runs, 1 hit, 0 errors, 0 left on base; Atlanta 0 - New York 1 |
| BOTTOM OF THE 2ND |
|
New York Mets batting - Pitching for Atlanta Braves : RHP Alan Knicely
|
|
Batting: RHB Bill Almon
|
0-0: Foul Ball, location: 2F 0-1: SINGLE (Groundball, 56, EV 106.9 MPH)
|
|
Batting: LHB Terry Kennedy
|
0-0: Ball 1-0: Swinging Strike 1-1: Fielders Choice at 2nd, 3-6 (Groundball, 34, EV 93.8 MPH)
|
|
Batting: RHB Pete Redfern
|
0-0: Bunt missed! 0-1: Sac Bunt - play at second, runner OUT -> throw to first, DP!
|
| Bottom of the 2nd over - 0 runs, 1 hit, 0 errors, 0 left on base; Atlanta 0 - New York 1 |
| TOP OF THE 3RD |
|
Atlanta Braves batting - Pitching for New York Mets : RHP Pete Redfern
|
|
Batting: LHB Joe L Morgan
|
0-0: Ball 1-0: Ball 2-0: Called Strike 2-1: Foul Ball, location: 2F 2-2: Ball 3-2: Ground out 5-3 (Groundball, 56, EV 100.0 MPH)
|
|
Batting: SHB UL Washington
|
0-0: Ball 1-0: Ball 2-0: Foul Ball, location: 2F 2-1: Fly out, F9 (Flyball, 9S, EV 89.4 MPH)
|
|
Batting: RHB Alan Knicely
|
0-0: Ball 1-0: Ball 2-0: Swinging Strike 2-1: Called Strike 2-2: Strikes out looking
|
| Top of the 3rd over - 0 runs, 0 hits, 0 errors, 0 left on base; Atlanta 0 - New York 1 |
| BOTTOM OF THE 3RD |
|
New York Mets batting - Pitching for Atlanta Braves : RHP Alan Knicely
|
|
Batting: LHB Lyman Bostock
|
0-0: Ball 1-0: Ball 2-0: Called Strike 2-1: Ball 3-1: Base on Balls
|
|
Batting: RHB Ray Knight
|
0-0: Called Strike 0-1: Ball 1-1: Ball 2-1: Swinging Strike 2-2: Foul Ball, location: 2F 2-2: Ball 3-2: Foul Ball, location: 2F 3-2: Foul Ball, location: 2F 3-2: Base on Balls Lyman Bostock to second
|
|
Batting: LHB John Kruk
|
0-0: Ball 1-0: Foul Ball, location: 2F 1-1: Fly out, F7 (Flyball, 7S, EV 85.0 MPH)
|
|
Batting: RHB Garry Maddox
|
0-0: Ball 1-0: Ball 2-0: Fielders Choice at 2nd, 6-4 (Groundball, 6, EV 85.0 MPH) Lyman Bostock to third
|
|
Batting: SHB Ken Singleton
|
0-0: Foul Ball, location: 2F 0-1: Called Strike 0-2: Ball 1-2: Ball 2-2: Ball 3-2: Fly out, F9 (Flyball, 9S, EV 91.3 MPH)
|
| Bottom of the 3rd over - 0 runs, 0 hits, 0 errors, 2 left on base; Atlanta 0 - New York 1 |
| TOP OF THE 4TH |
|
Atlanta Braves batting - Pitching for New York Mets : RHP Pete Redfern
|
|
Now at SS: Dave Concepcion
|
|
|
Batting: SHB Tony Fernandez
|
0-0: Called Strike 0-1: Ball 1-1: Ball 2-1: Fly out, F4 (Popup, 34S, EV 81.9 MPH)
|
|
Batting: LHB Mike Hargrove
|
0-0: Foul Ball, location: 2F 0-1: Foul Ball, location: 2F 0-2: Ball 1-2: Ball 2-2: Fly out, F9 (Flyball, 9LM, EV 86.9 MPH)
|
|
Batting: LHB Leon Durham
|
0-0: Ball 1-0: Ball 2-0: Called Strike 2-1: Foul Ball, location: 2F 2-2: Ball 3-2: SINGLE (Flyball, 8RS, EV 90.6 MPH)
|
|
Batting: LHB Bobby Murcer
|
0-0: Called Strike 0-1: Foul Ball, location: 2F 0-2: Ball 1-2: Foul Ball, location: 2F 1-2: Strikes out swinging
|
| Top of the 4th over - 0 runs, 1 hit, 0 errors, 1 left on base; Atlanta 0 - New York 1 |
| BOTTOM OF THE 4TH |
|
New York Mets batting - Pitching for Atlanta Braves : RHP Alan Knicely
|
|
Batting: RHB Rick Burleson
|
0-0: Ball 1-0: Called Strike 1-1: Called Strike 1-2: Strikes out swinging
|
|
Batting: RHB Bill Almon
|
0-0: Swinging Strike 0-1: Fly out, F7 (Flyball, 7, EV 85.6 MPH)
|
|
Batting: LHB Terry Kennedy
|
0-0: Ball 1-0: Ball 2-0: Called Strike 2-1: SINGLE (Groundball, 4, EV 96.9 MPH)
|
|
Batting: RHB Pete Redfern
|
0-0: Fly out, F8 (Flyball, 8LD, EV 101.9 MPH)
|
| Bottom of the 4th over - 0 runs, 1 hit, 0 errors, 1 left on base; Atlanta 0 - New York 1 |
| TOP OF THE 5TH |
|
Atlanta Braves batting - Pitching for New York Mets : RHP Pete Redfern
|
|
Batting: LHB Mike Scioscia
|
0-0: Ball 1-0: Foul Ball, location: 2F 1-1: Ball 2-1: Foul Ball, location: 2F 2-2: Ground out 4-3 (Groundball, 4, EV 103.1 MPH)
|
|
Batting: RHB Craig Kusick
|
0-0: Ball 1-0: Called Strike 1-1: Swinging Strike 1-2: Ball 2-2: Foul Ball, location: 2F 2-2: Strikes out swinging
|
|
Batting: LHB Joe L Morgan
|
0-0: Called Strike 0-1: Ball 1-1: Foul Ball, location: 2F 1-2: Ball 2-2: Ball 3-2: Strikes out looking
|
| Top of the 5th over - 0 runs, 0 hits, 0 errors, 0 left on base; Atlanta 0 - New York 1 |
| BOTTOM OF THE 5TH |
|
New York Mets batting - Pitching for Atlanta Braves : RHP Alan Knicely
|
|
Batting: LHB Lyman Bostock
|
0-0: Ball 1-0: Foul Ball, location: 2F 1-1: Ball 2-1: Foul Ball, location: 2F 2-2: Ball 3-2: Fly out, F5 (Popup, 25, EV 89.4 MPH)
|
|
Batting: RHB Dave Concepcion
|
0-0: Called Strike 0-1: Swinging Strike 0-2: DOUBLE (Flyball, 78D, EV 100.6 MPH)
|
|
Batting: LHB John Kruk
|
0-0: Intentional Walk
|
|
Batting: RHB Garry Maddox
|
0-0: Called Strike 0-1: SINGLE (Flyball, 34D, EV 85.0 MPH) Dave Concepcion to third John Kruk to second
|
|
Batting: SHB Ken Singleton
|
0-0: Ball 1-0: Called Strike 1-1: Swinging Strike 1-2: Ball 2-2: Fly out, F3 (Popup, 3SF, EV 71.3 MPH)
|
|
Batting: RHB Rick Burleson
|
0-0: Ball 1-0: Foul Ball, location: 2F 1-1: Fly out, F7 (Flyball, 7S, EV 88.1 MPH)
|
| Bottom of the 5th over - 0 runs, 2 hits, 0 errors, 3 left on base; Atlanta 0 - New York 1 |
| TOP OF THE 6TH |
|
Atlanta Braves batting - Pitching for New York Mets : RHP Pete Redfern
|
|
Batting: SHB UL Washington
|
0-0: Called Strike 0-1: Called Strike 0-2: Ball 1-2: Strikes out swinging
|
|
Batting: RHB Alan Knicely
|
0-0: Called Strike 0-1: Ball 1-1: Swinging Strike 1-2: Foul Ball, location: 2F 1-2: Ball 2-2: Strikes out swinging
|
|
Batting: SHB Tony Fernandez
|
0-0: Called Strike 0-1: Foul Ball, location: 2F 0-2: Strikes out swinging
|
| Top of the 6th over - 0 runs, 0 hits, 0 errors, 0 left on base; Atlanta 0 - New York 1 |
| BOTTOM OF THE 6TH |
|
New York Mets batting - Pitching for Atlanta Braves : RHP Alan Knicely
|
|
Batting: RHB Bill Almon
|
0-0: Ball 1-0: Ball 2-0: Swinging Strike 2-1: Ball 3-1: Base on Balls
|
|
Batting: LHB Terry Kennedy
|
0-0: Ball 1-0: Fly out, F5 (Popup, 5F, EV 66.3 MPH)
|
|
Batting: RHB Pete Redfern
|
0-0: Ball 1-0: Ball 2-0: Bunted foul 2-1: Bunt - Flyout to 15! F1
|
|
Batting: LHB Lyman Bostock
|
0-0: Foul Ball, location: 2F 0-1: Fielders Choice at 2nd, 6-4 (Groundball, 6, EV 91.3 MPH)
|
| Bottom of the 6th over - 0 runs, 0 hits, 0 errors, 1 left on base; Atlanta 0 - New York 1 |
| TOP OF THE 7TH |
|
Atlanta Braves batting - Pitching for New York Mets : RHP Pete Redfern
|
|
Batting: LHB Mike Hargrove
|
0-0: Called Strike 0-1: Called Strike 0-2: Strikes out swinging
|
|
Batting: LHB Leon Durham
|
0-0: Called Strike 0-1: Ball 1-1: Called Strike 1-2: Fly out, F7 (Line Drive, 7D, EV 88.8 MPH)
|
|
Batting: LHB Bobby Murcer
|
0-0: Called Strike 0-1: Called Strike 0-2: Ball 1-2: Ball 2-2: Ball 3-2: Strikes out looking
|
| Top of the 7th over - 0 runs, 0 hits, 0 errors, 0 left on base; Atlanta 0 - New York 1 |
| BOTTOM OF THE 7TH |
|
New York Mets batting - Pitching for Atlanta Braves : RHP Alan Knicely
|
|
Batting: RHB Dave Concepcion
|
0-0: Foul Ball, location: 2F 0-1: Called Strike 0-2: Fly out, F9 (Flyball, 9, EV 93.1 MPH)
|
|
Batting: LHB John Kruk
|
0-0: Called Strike 0-1: Foul Ball, location: 2F 0-2: Ball 1-2: Foul Ball, location: 2F 1-2: Ball 2-2: Ground out U3 (Groundball, 3, EV 86.9 MPH)
|
|
Batting: RHB Garry Maddox
|
0-0: Called Strike 0-1: Ball 1-1: Called Strike 1-2: SINGLE (Line Drive, 6MD, EV 96.3 MPH)
|
|
Pitching: RHP Charlie Lea
|
|
|
Batting: SHB Ken Singleton
|
0-0: Ball 1-0: Ground out 1-3 (Groundball, 34S, EV 63.8 MPH)
|
| Bottom of the 7th over - 0 runs, 1 hit, 0 errors, 1 left on base; Atlanta 0 - New York 1 |
| TOP OF THE 8TH |
|
Atlanta Braves batting - Pitching for New York Mets : RHP Pete Redfern
|
|
Now at 1B: Gary Redus
|
|
|
Batting: LHB Mike Scioscia
|
0-0: Ball 1-0: Ball 2-0: Ball 3-0: Called Strike 3-1: Base on Balls
|
|
Batting: RHB Craig Kusick
|
0-0: Ball 1-0: Ball 2-0: Called Strike 2-1: Foul Ball, location: 2F 2-2: Foul Ball, location: 2F 2-2: Ball 3-2: Base on Balls Mike Scioscia to second
|
|
Pitching: RHP Andres Barahona
|
|
|
Batting: LHB Joe L Morgan
|
0-0: Called Strike 0-1: Foul Ball, location: 2F 0-2: Fielders Choice at 2nd, 1-6 (Groundball, 34S, EV 68.1 MPH) Mike Scioscia to third
|
|
Pitching: LHP Rich Wortham
|
|
|
Pinch Hitting: RHB John Freitas
|
0-0: Fly out, F8 (Flyball, 89D, EV 83.8 MPH) Runner from 3rd tags up, SCORES, throw by CF
|
|
Pinch Hitting: LHB Matt Winters
|
0-0: Foul Ball, location: 2F 0-1: Ball 1-1: Ball 2-1: Called Strike 2-2: Ball 3-2: Strikes out swinging
|
| Top of the 8th over - 1 run, 0 hits, 0 errors, 1 left on base; Atlanta 1 - New York 1 |
| BOTTOM OF THE 8TH |
|
New York Mets batting - Pitching for Atlanta Braves : RHP Charlie Lea
|
|
Pitching: LHP Scott McGregor
|
|
|
Now at 3B: John Freitas
|
|
|
Batting: RHB Rick Burleson
|
0-0: Ball 1-0: Ground out 4-3 (Groundball, 4, EV 83.8 MPH)
|
|
Batting: RHB Bill Almon
|
0-0: Foul Ball, location: 2F 0-1: Swinging Strike 0-2: Ball 1-2: Fly out, F7 (Line Drive, 7, EV 108.1 MPH)
|
|
Batting: LHB Terry Kennedy
|
0-0: Ball 1-0: Ground out U3 (Groundball, 3, EV 75.6 MPH)
|
| Bottom of the 8th over - 0 runs, 0 hits, 0 errors, 0 left on base; Atlanta 1 - New York 1 |
| TOP OF THE 9TH |
|
Atlanta Braves batting - Pitching for New York Mets : LHP Rich Wortham
|
|
Batting: SHB Tony Fernandez
|
0-0: Ball 1-0: Called Strike 1-1: Fly out, F8 (Flyball, 8LD, EV 101.3 MPH)
|
|
Batting: LHB Mike Hargrove
|
0-0: Called Strike 0-1: Swinging Strike 0-2: Ball 1-2: Ball 2-2: Ball 3-2: Foul Ball, location: 2F 3-2: Foul Ball, location: 2F 3-2: Strikes out swinging
|
|
Batting: LHB Leon Durham
|
0-0: Ball 1-0: Fly out, F9 (Flyball, 89S, EV 97.5 MPH)
|
| Top of the 9th over - 0 runs, 0 hits, 0 errors, 0 left on base; Atlanta 1 - New York 1 |
| BOTTOM OF THE 9TH |
|
New York Mets batting - Pitching for Atlanta Braves : LHP Scott McGregor
|
|
Pinch Hitting: LHB Alamazoo White
|
0-0: Ball 1-0: Fly out, F8 (Line Drive, 8RD, EV 96.9 MPH)
|
|
Batting: LHB Lyman Bostock
|
0-0: Called Strike 0-1: Ball 1-1: Swinging Strike 1-2: Ball 2-2: Ground out 4-3 (Groundball, 4, EV 86.3 MPH)
|
|
Batting: RHB Dave Concepcion
|
0-0: Ball 1-0: SINGLE (Line Drive, 89M, EV 90.0 MPH)
|
|
Batting: LHB John Kruk
|
0-0: Ball 1-0: Ball 2-0: Called Strike 2-1: SINGLE (Line Drive, 89S, EV 110.0 MPH) Dave Concepcion to second Runner from 2nd tries for 3rd, SAFE, no throw by RF
|
|
Batting: RHB Garry Maddox
|
0-0: Ball 1-0: Called Strike 1-1: Swinging Strike 1-2: Fly out, F7 (Line Drive, 7D, EV 101.3 MPH)
|
| Bottom of the 9th over - 0 runs, 2 hits, 0 errors, 2 left on base; Atlanta 1 - New York 1 |
| TOP OF THE 10TH |
|
Atlanta Braves batting - Pitching for New York Mets : LHP Rich Wortham
|
|
Pitching: RHP Matt Adams
|
|
|
Batting: LHB Bobby Murcer
|
0-0: Foul Ball, location: 2F 0-1: Ball 1-1: Foul Ball, location: 2F 1-2: Ball 2-2: Strikes out swinging
|
|
Batting: LHB Mike Scioscia
|
0-0: Ball 1-0: Swinging Strike 1-1: Called Strike 1-2: Ball 2-2: Foul Ball, location: 2F 2-2: Foul Ball, location: 2F 2-2: Ball 3-2: Ground out 4-3 (Groundball, 4, EV 101.9 MPH)
|
|
Batting: RHB Craig Kusick
|
0-0: Ball 1-0: Called Strike 1-1: Foul Ball, location: 2F 1-2: Ball 2-2: Foul Ball, location: 2F 2-2: Ball 3-2: Ground out 4-3 (Groundball, 13, EV 82.5 MPH)
|
| Top of the 10th over - 0 runs, 0 hits, 0 errors, 0 left on base; Atlanta 1 - New York 1 |
| BOTTOM OF THE 10TH |
|
New York Mets batting - Pitching for Atlanta Braves : LHP Scott McGregor
|
|
Batting: RHB Gary Redus
|
0-0: Ball 1-0: Called Strike 1-1: SINGLE (Line Drive, 8RS, EV 106.9 MPH)
|
|
Batting: RHB Rick Burleson
|
0-0: Ball 1-0: Ground out 4-3 (Groundball, 34, EV 105.6 MPH) Gary Redus to second
|
|
Batting: RHB Bill Almon
|
0-0: Intentional Walk
|
|
Pinch Hitting: RHB Jason Sickman
|
0-0: Fly out, F3 (Popup, 3SF, EV 71.9 MPH)
|
|
Pinch Hitting: LHB Roy E Johnson
|
0-0: Ground out 2-3 (Groundball, 2R, EV 72.5 MPH)
|
| Bottom of the 10th over - 0 runs, 1 hit, 0 errors, 2 left on base; Atlanta 1 - New York 1 |
| TOP OF THE 11TH |
|
Atlanta Braves batting - Pitching for New York Mets : RHP Matt Adams
|
|
Pitching: LHP William Scholl
|
|
|
Now at C: Jason Sickman
|
|
|
Batting: LHB Joe L Morgan
|
0-0: SOLO HOME RUN (Flyball, 9LD, EV 95.6 MPH), Distance : 352 ft
|
|
Batting: RHB John Freitas
|
0-0: Called Strike 0-1: Called Strike 0-2: Foul Ball, location: 2F 0-2: Ball 1-2: Ball 2-2: Ball 3-2: SOLO HOME RUN (Flyball, 78XD, EV 100.0 MPH), Distance : 422 ft
|
|
Pinch Hitting: RHB Guy Sularz
|
0-0: Ball 1-0: Foul Ball, location: 2F 1-1: SINGLE (Groundball, 6D, EV 95.0 MPH)
|
|
Batting: SHB Tony Fernandez
|
0-0: Bunted foul 0-1: Ball 1-1: Ball 2-1: Bunt missed! 2-2: Grounds into double play, 5-4-3 (Groundball, 56S, EV 93.8 MPH)
|
|
Batting: LHB Mike Hargrove
|
0-0: Swinging Strike 0-1: Called Strike 0-2: Ball 1-2: Strikes out swinging
|
| Top of the 11th over - 2 runs, 3 hits, 0 errors, 0 left on base; Atlanta 3 - New York 1 |
| BOTTOM OF THE 11TH |
|
New York Mets batting - Pitching for Atlanta Braves : LHP Scott McGregor
|
|
Pitching: LHP Wilbur Wood
|
|
|
Batting: LHB Lyman Bostock
|
0-0: Ball 1-0: Called Strike 1-1: Foul Ball, location: 2F 1-2: Foul Ball, location: 2F 1-2: Foul Ball, location: 2F 1-2: Ball 2-2: Ground out 4-3 (Groundball, 4, EV 78.1 MPH)
|
|
Batting: RHB Dave Concepcion
|
0-0: Called Strike 0-1: Ball 1-1: Swinging Strike 1-2: Ball 2-2: Fly out, F4 (Popup, 3S, EV 83.1 MPH)
|
|
Batting: LHB John Kruk
|
0-0: Foul Ball, location: 2F 0-1: Foul Ball, location: 2F 0-2: Ground out U3 (Groundball, 3, EV 88.1 MPH)
|
| Bottom of the 11th over - 0 runs, 0 hits, 0 errors, 0 left on base; Atlanta 3 - New York 1 |
|